 Dungeon Crawl Stone Soup version 0.27.1-2-g3b301248ec (webtiles) character file.

Game seed: 14692822569018843038

11 DearestLeader the Conjurer (level 2, -2/17 HPs)
             Began as an Octopode Conjurer on Oct 4, 2021.
             Slain by a hobgoblin (3 damage)
             ... on level 2 of the Dungeon.
             The game lasted 00:01:34 (654 turns).

DearestLeader the Conjurer (Octopode Conjurer)       Turns: 654, Time: 00:01:35

Health: -2/17      AC:  1    Str:  6    XL:     2   Next: 29%
Magic:  4/5        EV: 13    Int: 20    God:
Gold:   0          SH:  0    Dex: 10    Spells: 4/5 levels left

rFire    . . .     SeeInvis .   d - +0 dagger
rCold    . . .     Faith    .   (no shield)
rNeg     . . .     Spirit   .   (helmet restricted)
rPois    .         Reflect  .   (no amulet)
rElec    .         Harm     .   (no ring)
rCorr    .         Rampage  .   (no ring)
Will     .....                  (no ring)
Stlth    +++.......             (no ring)
HPRegen  0.05/turn              (no ring)
MPRegen  0.09/turn              (no ring)
                                (no ring)
                                (no ring)

@: no status effects
A: almost no armour, amphibious, 8 rings, camouflage 1, gelatinous body 1,
(nimble swimmer 1), tentacles
a: no special abilities


You were on level 2 of the Dungeon.
You visited 1 branch of the dungeon, and saw 2 of its levels.

Inventory:

Hand Weapons
 d - a +0 dagger (weapon)
Missiles
 e - 15 poisoned darts (quivered)
Scrolls
 a - a scroll of enchant weapon {unknown}
 b - 2 scrolls of fog {unknown}
 c - a scroll of enchant armour {unknown}


   Skills:
 - Level 2.0 Dodging
 + Level 3.2 Stealth
 - Level 2.0 Spellcasting
 * Level 4.3 Conjurations


You had 4 spell levels left.
You knew the following spells:

 Your Spells              Type           Power      Damage    Failure   Level
a - Magic Dart            Conj           76%        1d6       2%          1

Your spell library contained the following spells:

 Spells                   Type           Power      Damage    Failure   Level
 Searing Ray              Conj           38%        3d4       4%          2
 Dazzling Flash           Conj/Hex       20%        N/A       19%         3
 Fulminant Prism          Conj/Hex       5%         3d7       54%         4
 Iskenderun's Mystic Bla  Conj/Tloc      10%        2d4       54%         4


Dungeon Overview and Level Annotations

Branches:
Dungeon (2/15)

Altars:

Annotations:
D:1 Terence


Innate Abilities, Weirdness & Mutations

You cannot wear most types of armour.
You are amphibious.
You can wear up to eight rings at the same time.
Your skin changes colour to match your surroundings (Stealth+).
Your rubbery body absorbs attacks. (AC +1, EV +1)
((You are camouflaged near water. (Stealth+)))
You have tentacles for arms and can constrict up to eight enemies at once.


Message History

There is a stone staircase leading up here.
Terence closely misses you.
You climb upwards.
There is a stone staircase leading down here.
A hobgoblin comes into view.
Found a scroll labelled RIMMID HIAZ.
The hobgoblin shouts!
An endoplasm comes into view.
A rat comes into view.
You see here a scroll labelled RIMMID HIAZ.
Terence misses you.
You hit Terence but do no damage. Your grab misses Terence.
Terence barely misses you.
A ball python comes into view.
The hobgoblin closely misses you.
There is a stone staircase leading down here.
You can't go up here!
The hobgoblin hits you. Terence hits you with a +0 flail.
* * * LOW HITPOINT WARNING * * *
You climb downwards.
The quokka bites you.
* * * LOW HITPOINT WARNING * * *
The quokka misses you.
There is a stone staircase leading up, spattered with blood here.
You closely miss the hobgoblin. You grab the hobgoblin.
You constrict the hobgoblin, but do no damage.
The hobgoblin hits you.
* * * LOW HITPOINT WARNING * * *
The quokka barely misses you.
You hit the hobgoblin but do no damage. You constrict the hobgoblin.
The hobgoblin barely misses you. The quokka bites you.
* * * LOW HITPOINT WARNING * * *
Casting: Magic Dart (safe; 2% risk of failure)
Confirm with . or Enter, or press ? or * to list all spells.
Aiming: Magic Dart (safe; 2% risk of failure)
Press: ? - help, Shift-Dir - straight line, f - quokka
Aim: a quokka (100% to hit)
The magic dart hits the quokka.
The quokka is almost dead.
You constrict the hobgoblin. The hobgoblin hits you.
You die...

.. ........ ...
...##......# ....
...#.......# ..# .
.......>..##..# .#
.........#...##.####
##..!..........#...g
###.....?.............
#.....@...............
#.##.gr...............
#..................
..?.........$........
####...##............
#....####...........
..#.######.....#....
##.............####.#
#..#.......##....##..


You could see a quokka and a hobgoblin.

Vanquished Creatures
  3 bats
  An endoplasm (D:1)
  2 giant cockroaches
  A hobgoblin (D:2)
  A jackal (D:1)
  A kobold (D:1)
  A rat (D:1)
10 creatures vanquished.

Notes
Turn   | Place    | Note
-------+----------+-------------------------------------------
     0 | D:1      | DearestLeader the Octopode Conjurer began the quest for the
                  | Orb.
     0 | D:1      | Reached XP level 1. HP: 11/11 MP: 3/3
   446 | D:1      | Reached XP level 2. HP: 3/17 MP: 1/5
   587 | D:2      | Noticed Terence
   654 | D:2      | Slain by a hobgoblin

Illustrated notes

Levels and vault maps discovered:
D:1:      moated_graveyard_arrival, layout_basic
D:2:      layout_rooms, shapermc_ecumenical_altar_starsandcircs,
          hangedman_decor_push, uniq_terence

Skill      XL: |  1 |
---------------+----+-----
Stealth        | 3 |  3.2
Dodging        | |  2.0
Spellcasting   | |  2.0
Conjurations   | |  4.3

Action                   || total
-------------------------++-------
Melee: Dagger            ||    10
       Constrict         ||     2
 Cast: Magic Dart        ||    14
 Stab: Sleeping          ||     1
Armor: Skin              ||     3
Dodge: Dodged            ||    19
